 Dungeon Crawl Stone Soup version 0.21.1-1-g345015f (webtiles) character file.

10815 Galewin the Severer (level 11, -1/82 (83) HPs)
             Began as a Minotaur Berserker on Apr 19, 2018.
             Was a High Priest of Trog.
             Killed from afar by an electric eel (7 damage)
             ... with a bolt of electricity
             ... on level 10 of the Dungeon on Apr 23, 2018.
             The game lasted 00:26:13 (8148 turns).

Galewin the Severer (Minotaur Berserker)            Turns: 8148, Time: 00:26:14

HP:   -1/82 (83)    AC: 13    Str: 24    XL:     11   Next: 41%
MP:   10/10         EV:  7    Int:  4    God:    Trog [*****.]
Gold: 789           SH:  0    Dex: 16    Spells: 10/10 levels left

rFire    . . .     SeeInvis +   M - +0 battleaxe
rCold    . . .     Gourm    .   (shield currently unavailable)
rNeg     . . .     Faith    .   v - +0 plate armour
rPois    .         Spirit   .   (helmet restricted)
rElec    .         Reflect  .   (no cloak)
rCorr    .         Harm     .   E - +1 pair of gloves
MR       ++...                  (no boots)
Stlth    ..........             (no amulet)
HPRegen  1.23/turn              l - +5 ring of dexterity
MPRegen  0.12/turn              r - ring of see invisible

@: regenerating
A: retaliatory headbutt, horns 2
a: Berserk, Trog's Hand, Brothers in Arms, Burn Spellbooks, Renounce Religion


You were on level 10 of the Dungeon.
You worshipped Trog.
Trog was extremely pleased with you.
You were hungry.

You visited 1 branch of the dungeon, and saw 10 of its levels.
You also visited: Sewer and Ossuary.

You collected 860 gold pieces.
You spent 71 gold pieces at shops.

Inventory:

Hand Weapons
 M - a +0 battleaxe (weapon)
Armour
 v - a +0 plate armour (worn)
 E - a +1 pair of gloves (worn)
Jewellery
 l - a +5 ring of dexterity (left hand)
 m - an uncursed ring of protection from fire
 r - a ring of see invisible (right hand)
 L - an uncursed ring of poison resistance {unknown}
Wands
 b - a wand of paralysis (4)
 k - a wand of flame (37)
 w - a wand of disintegration (8)
 B - a wand of iceblast (22)
 D - a wand of random effects (43)
 K - a wand of acid (14)
Scrolls
 a - 2 scrolls of magic mapping
 e - a scroll of identify
 f - 3 scrolls of remove curse
 o - 3 scrolls of enchant weapon
 s - 5 scrolls of teleportation {unknown}
 u - a scroll of random uselessness {unknown}
 y - 3 scrolls of fog {unknown}
 A - 6 scrolls of blinking {unknown}
 H - a scroll of noise {unknown}
Potions
 d - a potion of cancellation {unknown}
 g - 2 potions of magic {unknown}
 h - 9 potions of curing {unknown}
 i - 9 potions of mutation {unknown}
 j - 4 potions of degeneration {unknown}
 n - 2 potions of invisibility {unknown}
 p - 4 potions of brilliance {unknown}
 q - 2 potions of lignification {unknown}
 t - 2 potions of ambrosia {unknown}
 x - 4 potions of heal wounds {unknown}
 z - 5 potions of flight {unknown}
 C - 5 potions of haste {unknown}
 F - 3 potions of agility
 I - a potion of might {unknown}
Comestibles
 c - 24 rations
 J - 5 chunks of flesh


   Skills:
 + Level 3.8 Fighting
 * Level 19.7 Axes
 + Level 2.4 Armour
 + Level 2.2 Dodging


You had 10 spell levels left.
You didn't know any spells.

Dungeon Overview and Level Annotations

Branches:
Dungeon (10/15)            Temple (0/1) D:6             Orc (0/2) D:10
   Lair: D:8-11

Altars:
Nemelex Xobeh
Zin

Shops:
D:8 %   D:10 (


Innate Abilities, Weirdness & Mutations

You reflexively headbutt those who attack you in melee.
You have a pair of horns on your head.


Message History

The electric eel shoots out a bolt of lightning at you!
The bolt of electricity hits you!
* * * LOW HITPOINT WARNING * * *
You hear a shout!
Okay, then.
Okay, then.
Okay, then.
An ogre comes into view. It is wielding a giant club.
The ogre shouts!
The leopard gecko bites your iron troll.
The electric eel shoots out a bolt of lightning at you!
The bolt of electricity hits the electric eel.
The electric eel completely resists.
The bolt of electricity hits your iron troll.
The bolt of electricity hits you!
* * * LOW HITPOINT WARNING * * *
The electric eel shoots out a bolt of lightning at you!
The bolt of electricity hits your iron troll.
The bolt of electricity hits you!
You die...

#### #..# #..#
#############..#
###...........#..###
#####...................
........................
#.....................>
#.....@................
#.....T...≈≈...........
#....l≈.≈≈≈≈≈..........
#......;≈.!>≈≈.........
.O.....≈≈≈(.≈≈≈.........
........≈≈≈[;≈≈. ..#####
........≈≈;≈≈...
............≈...


You could see an ogre, 3 electric eels, a leopard gecko and a friendly iron
troll (berserk).

Vanquished Creatures
  3 two-headed ogres
  The ghost of Verendum the Basher, a novice GrAK of Lugonu (D:8)
  Pikel (D:7)
  An ugly thing (D:9)
  The ghost of Redear the Unseen, a novice FeFi (D:7)
  Maurice (D:9)
  A troll (D:10)
  Grinder (D:3)
  3 hippogriffs
  Sigmund (D:6)
  Eustachio (D:5)
  The ghost of PipsiMox the Firebug, an amateur DrFE (D:4)
  Duvessa (D:6)
  An eye of draining (D:8)
  Purgy (D:3)
  4 orc warriors
  2 slaves (D:7)
  An ice beast (D:8)
  4 black bears
  3 necrophages
  4 ogres
  6 centaurs
  A crocodile (D:9)
  10 bullfrogs
  A big kobold (D:8)
  A wyvern skeleton (D:9)
  A water moccasin skeleton (D:8)
  Dowan (D:6)
  6 scorpions
  6 killer bees (D:7)
  A howler monkey (D:8)
  3 wights
  2 crimson imps
  A centaur zombie (D:8)
  2 bullfrog zombies (D:5)
  An orc priest (D:8)
  A jelly (D:5)
  8 orc wizards
  A centaur skeleton (D:5)
  3 hounds
  3 bullfrog skeletons
  Jessica (D:3)
  An iguana (D:6)
  8 worker ants
  A big kobold zombie (Ossuary)
  8 mummies (Ossuary)
  7 gnolls (D:4)
  20 adders
  2 river rats (D:5)
  8 oozes
  2 adder skeletons
  5 worms
  A dart slug (D:5)
  20 leopard geckos
  28 orcs
  9 ball pythons
  18 giant cockroaches
  5 hobgoblins
  16 jackals
  3 quokkas
  8 bats
  11 frilled lizards
  3 goblins
  4 hobgoblin zombies (Ossuary)
  7 kobolds
  2 kobold zombies (Ossuary)
  An orc zombie (Ossuary)
  11 rats
306 creatures vanquished.

Vanquished Creatures (collateral kills)
  A phantom (D:10)
  A centaur (D:10)
  4 orcs (D:10)
6 creatures vanquished.

Grand Total: 312 creatures vanquished

Notes
Turn   | Place    | Note
-------+----------+-------------------------------------------
     0 | D:1      | Galewin the Minotaur Berserker began the quest for the Orb.
     0 | D:1      | Reached XP level 1. HP: 19/19 MP: 0/0
    25 | D:1      | Reached skill level 4 in Axes
    52 | D:1      | Reached XP level 2. HP: 24/27 MP: 1/1
   495 | D:2      | Reached XP level 3. HP: 31/33 MP: 2/2
   514 | D:2      | Reached skill level 5 in Axes
   579 | D:2      | Reached ** piety under Trog
   710 | D:2      | Reached XP level 4. HP: 38/40 MP: 3/3
   839 | D:2      | Noticed a hippogriff
   846 | D:2      | Killed a hippogriff
   846 | D:2      | Reached skill level 7 in Axes
   846 | D:2      | Reached XP level 5. HP: 46/46 MP: 4/4
   910 | D:2      | Reached skill level 8 in Axes
   910 | D:2      | Reached XP level 6. HP: 34/52 MP: 5/5
  1089 | D:3      | Noticed Purgy
  1097 | D:3      | Killed Purgy
  1157 | D:3      | Noticed Jessica
  1164 | D:3      | Killed Jessica
  1164 | D:3      | Reached skill level 9 in Axes
  1330 | D:3      | Noticed Grinder
  1357 | D:3      | Killed Grinder
  1357 | D:3      | Reached skill level 10 in Axes
  1357 | D:3      | Reached XP level 7. HP: 6/58 MP: 6/6
  2136 | D:4      | Noticed PipsiMox's ghost (amateur DrFE)
  2143 | D:4      | Killed PipsiMox's ghost
  2160 | D:4      | Reached *** piety under Trog
  2207 | D:4      | Reached skill level 11 in Axes
  2533 | D:4      | Reached XP level 8. HP: 63/66 MP: 7/7
  3096 | D:4      | Reached skill level 12 in Axes
  3166 | D:5      | Entered Level 5 of the Dungeon
  3249 | D:5      | Noticed Eustachio
  3259 | D:5      | Killed Eustachio
  3375 | D:5      | Reached **** piety under Trog
  3398 | D:5      | Found a glowing drain.
  3408 | Sewer    | Entered a sewer
  3509 | Sewer    | Reached skill level 13 in Axes
  3802 | D:5      | Noticed a two-headed ogre
  3809 | D:5      | Killed a two-headed ogre
  3809 | D:5      | Reached skill level 14 in Axes
  3809 | D:5      | Reached XP level 9. HP: 71/71 MP: 8/8
  4053 | D:5      | Found a glowing silver altar of Zin.
  4142 | D:6      | Noticed Dowan
  4145 | D:6      | Noticed Duvessa
  4151 | D:6      | Killed Dowan
  4156 | D:6      | Killed Duvessa
  4156 | D:6      | Reached skill level 15 in Axes
  4255 | D:6      | Noticed Sigmund
  4264 | D:6      | Killed Sigmund
  4332 | D:6      | Found a sparkling altar of Nemelex Xobeh.
  4465 | D:6      | Found a staircase to the Ecumenical Temple.
  4545 | D:6      | Reached ***** piety under Trog
  4613 | D:6      | Reached skill level 16 in Axes
  4811 | D:6      | Found a sand-covered staircase.
  4816 | Ossuary  | Entered an ossuary
  4830 | Ossuary  | Received a gift from Trog
  4862 | Ossuary  | Reached XP level 10. HP: 42/77 MP: 9/9
  5623 | D:7      | Noticed Pikel
  5635 | D:7      | Killed Pikel
  5762 | D:7      | Noticed Redear's ghost (novice FeFi)
  5773 | D:7      | Killed Redear's ghost
  5773 | D:7      | Reached skill level 17 in Axes
  6163 | D:8      | Noticed a two-headed ogre
  6177 | D:8      | Killed a two-headed ogre
  6290 | D:8      | Noticed Verendum's ghost (novice GrAK)
  6304 | D:8      | Killed Verendum's ghost
  6304 | D:8      | Reached skill level 18 in Axes
  6852 | D:8      | Received a gift from Trog
  6864 | D:8      | Reached XP level 11. HP: 68/82 MP: 10/10
  6981 | D:8      | Noticed a two-headed ogre
  6989 | D:8      | Killed a two-headed ogre
  7033 | D:8      | Found Tibb's Food Shop.
  7270 | D:9      | Reached skill level 19 in Axes
  7318 | D:9      | Noticed a red ugly thing
  7336 | D:9      | Killed a red ugly thing
  7591 | D:9      | Noticed Maurice
  7600 | D:9      | Killed Maurice
  7973 | D:10     | Entered Level 10 of the Dungeon
  7999 | D:10     | Found Buenejae's Weapon Emporium.
  8001 | D:10     | Found a staircase to the Orcish Mines.
  8031 | D:10     | Bought a +0 battleaxe for 71 gold pieces
  8148 | D:10     | Killed from afar by an electric eel

Skill      XL: |  1  2  3  4  5  6  7  8  9 10 11 |
---------------+----------------------------------+-----
Axes           | 4 5 7 8 10 11 14 16 18 19 | 19.7
Fighting       | |  3.8
Armour         | |  2.4
Dodging        | |  2.2

Action                   |  1- 3 |  4- 6 |  7- 9 | 10-12 || total
-------------------------+-------+-------+-------+-------++-------
Melee: Hand axe          |    82 |    64 |   422 |     9 ||   577
       Headbutt          |     6 |     9 |    90 |    69 ||   174
       War axe           |       |       |       |   253 ||   253
       Battleaxe         |       |       |       |     1 ||     1
Invok: Berserk           |     1 |     4 |     5 |     9 ||    19
       Trog's Hand       |       |     2 |     1 |     2 ||     5
       Burn Spellbooks   |       |       |       |     2 ||     2
       Brothers in Arms  |       |       |       |     2 ||     2
  Use: Scroll            |       |       |     3 |     6 ||     9
 Stab: Sleeping          |     2 |     1 |       |       ||     3
  Eat: Chunk             |       |     6 |    16 |    14 ||    36
       Ration            |       |       |     1 |     1 ||     2
Armor: Animal skin       |    19 |     6 |     1 |       ||    26
       Ring mail         |       |       |    10 |       ||    10
       Plate armour      |       |       |   138 |   141 ||   279
Dodge: Dodged            |    54 |    36 |   105 |   104 ||   299
